 Dungeon Crawl Stone Soup version 0.31-a0-354-g827e0957a7 (webtiles) character file.

Game seed: 8062351929673746871

469 bjtr the Digger (level 7, -2/50 HPs)
             Began as a Gnoll Earth Elementalist on July 24, 2023.
             Slain by Pikel
             ... wielding a +2 whip of flaming
              (10 damage)
             ... on level 4 of the Dungeon.
             The game lasted 00:14:01 (3892 turns).

bjtr the Digger (Gnoll Earth Elementalist)          Turns: 3892, Time: 00:14:01

Health: -2/50      AC:  3    Str:  7    XL:     7   Next: 9%
Magic:  11/15      EV: 13    Int: 17    God:
Gold:   142        SH:  0    Dex: 12    Spells: 12/17 levels left

rFire   . . .        a - +1 quarterstaff (drain)
rCold   + . .        (shield currently unavailable)
rNeg    . . .        x - +0 leather armour
rPois   .            (no helmet)
rElec   .            (no cloak)
rCorr   .            (no gloves)
SInv    .            (no boots)
Will    .....        (no amulet)
Stlth   ++           f - ring of flight
HPRegen 0.28/turn    h - ring of protection from cold
MPRegen 0.14/turn

%: no passive effects
@: flying, hasted, very quick
A: fangs 1, strong nose, distributed training
a: no special abilities


You were on level 4 of the Dungeon.
You visited 1 branch of the dungeon, and saw 4 of its levels.

You collected 143 gold pieces.
You spent 1 gold pieces at shops.

Inventory:

Hand Weapons
 a - a +1 quarterstaff of draining (weapon)
 i - a +0 sling
 n - a +0 shortbow
 o - a +0 short sword
 q - a +0 mace
 t - a +0 long sword
 v - a +0 heavy spear
 z - a +1 mace of protection
 B - a +0 flail
Missiles
 A - 9 poisoned darts
Armour
 r - a +0 ring mail
 x - a +0 leather armour (worn)
Magical Staves
 m - a staff of fire
Jewellery
 c - a ring of willpower
 f - a ring of flight (left hand)
 h - a ring of protection from cold (right hand)
Scrolls
 g - a scroll of poison {unknown}
 k - 2 scrolls of enchant armour {unknown}
 s - a scroll of teleportation {unknown}
 u - a scroll of fear {unknown}
 w - a scroll of amnesia {unknown}
 y - a scroll of fog {unknown}
 C - a scroll of immolation {unknown}
Potions
 b - a potion of magic
 d - 2 potions of haste
 e - 3 potions of lignification
 j - 2 potions of curing {unknown}
 l - a potion of mutation {unknown}
 p - a potion of enlightenment
 D - a potion of berserk rage


   Skills:
 + Level 2.3 Fighting
 + Level 2.3 Short Blades
 + Level 2.3 Long Blades
 + Level 2.3 Axes
 + Level 2.3 Maces & Flails
 + Level 2.3 Polearms
 + Level 2.3 Staves
 + Level 2.3 Ranged Weapons
 + Level 2.3 Throwing
 + Level 2.3 Armour
 + Level 5.1 Dodging
 + Level 4.8 Stealth
 + Level 2.3 Shields
 + Level 2.3 Unarmed Combat
 + Level 5.5 Spellcasting
 + Level 1.8 Conjurations
 + Level 1.8 Hexes
 + Level 1.8 Summonings
 + Level 1.8 Necromancy
 + Level 1.8 Translocations
 + Level 2.8 Transmutations
 + Level 1.8 Fire Magic
 + Level 1.8 Ice Magic
 + Level 1.8 Air Magic
 + Level 5.8 Earth Magic
 + Level 1.8 Poison Magic
 + Level 2.5 Invocations
 + Level 2.3 Evocations
 + Level 1.8 Shapeshifting


You had 12 spell levels left.
You knew the following spells:

 Your Spells              Type           Power      Damage    Failure   Level
a - Sandblast             Erth           48%        2d12      1%          1
b - Passwall              Tmut/Erth      15%        N/A       4%          2
c - Searing Ray           Conj           22%        2d5       14%         2

Your spell library contained the following spells:

 Spells                   Type           Power      Damage    Failure   Level
 Magic Dart               Conj           44%        1d5       9%          1
 Stone Arrow              Conj/Erth      34%        3d9       12%         3
 Petrify                  Tmut/Erth      19%        N/A       32%         4
 Fulminant Prism          Conj/Hex       5%         3d7       65%         4


Dungeon Overview and Level Annotations

Branches:
Dungeon (4/15)
 Temple: D:4-7

Altars:

Shops:
D:4 *

Annotations:
D:4 Pikel


Innate Abilities, Weirdness & Mutations

You have very sharp teeth.
Your uncanny sense of smell can sniff out nearby items.
Your experience applies equally to all skills.


Message History

You closely miss Pikel.
Pikel is moderately wounded.
Pikel barely misses you.
Unknown command.
You barely miss Pikel.
Pikel is moderately wounded.
Pikel hits you with a +2 whip of flaming!
Pikel burns you.
Unknown command.
You barely miss Pikel.
Pikel is moderately wounded.
Pikel hits you but does no damage.
Unknown command.
Casting: Sandblast (safe; 1% risk of failure)
Confirm with . or Enter, or press ? or * to list all spells.
Aiming: Sandblast (safe; 1% risk of failure)
Press: ? - help, Shift-Dir - straight line, f/p - Pikel
Aim: Pikel, wielding a +2 whip of flaming and wearing a +0 robe (moderately wounded, 79% to hit)
The blast of sand hits Pikel!
Pikel is heavily wounded.
The lemure shouts!
Pikel hits you with a +2 whip of flaming.
Pikel burns you.
Pikel hits you with a +2 whip of flaming.
Pikel burns you.
Casting: Sandblast (safe; 1% risk of failure)
Confirm with . or Enter, or press ? or * to list all spells.
Aiming: Sandblast (safe; 1% risk of failure)
Press: ? - help, Shift-Dir - straight line, f/p - Pikel
Aim: Pikel, wielding a +2 whip of flaming and wearing a +0 robe (heavily wounded, 79% to hit)
The blast of sand hits Pikel but does no damage.
Pikel is heavily wounded.
Pikel hits you with a +2 whip of flaming!
* * * LOW HITPOINT WARNING * * *
Pikel burns you.
* * * LOW HITPOINT WARNING * * *
Unknown command.
You feel yourself speed up.
Pikel hits you with a +2 whip of flaming!
You die...

...........#### #.............#.#
##............###.............#.#
.'............'.#.............#.#
##............#.......#......##.#
#............#######......##.##.#
#............# #......##.....
#............# #....####....#
#............##########.####....#
+............55K@................
#............##########...#####.#
#............# ######...........#
.............# #...........######
.............# #.................
..........K..# #.................
.........5...# ######.####.......
.............# #.# .......
.......5. #.# #......


You could see Pikel and 2 lemures.

Vanquished Creatures
  2 lemures (D:4)
  A bullfrog (D:3)
  A scorpion (D:4)
  A vampire bat (D:3)
  An orc priest (D:3)
  A sleepcap (D:4)
  Natasha (D:4)
  An iguana (D:4)
  3 orc wizards (D:3)
  3 gnolls (D:4)
  2 adders
  16 orcs
  4 ball pythons
  5 endoplasms
  A giant cockroach (D:2)
  A goblin (D:3)
  6 hobgoblins
  2 jackals (D:4)
  A kobold (D:2)
  4 quokkas
  9 bats
  6 frilled lizards
  4 rats
76 creatures vanquished.

Notes
Turn   | Place    | Note
-------+----------+-------------------------------------------
     0 | D:1      | bjtr the Gnoll Earth Elementalist began the quest for the
                  | Orb.
     0 | D:1      | Reached XP level 1. HP: 13/13 MP: 6/6
   379 | D:1      | Reached XP level 2. HP: 19/19 MP: 4/7
  1057 | D:2      | Learned a level 2 spell: Passwall
  1060 | D:2      | Learned a level 2 spell: Searing Ray
  1132 | D:2      | Reached skill level 5 in Spellcasting
  1132 | D:2      | Reached XP level 3. HP: 25/25 MP: 6/9
  1577 | D:2      | Reached skill level 1 in Invocations
  1677 | D:2      | Found a faded altar of an unknown god.
  1804 | D:3      | Reached skill level 1 in Fighting
  1804 | D:3      | Reached skill level 1 in Short Blades
  1804 | D:3      | Reached skill level 1 in Long Blades
  1804 | D:3      | Reached skill level 1 in Axes
  1804 | D:3      | Reached skill level 1 in Maces & Flails
  1804 | D:3      | Reached skill level 1 in Polearms
  1804 | D:3      | Reached skill level 1 in Staves
  1804 | D:3      | Reached skill level 1 in Ranged Weapons
  1804 | D:3      | Reached skill level 1 in Throwing
  1804 | D:3      | Reached skill level 1 in Armour
  1804 | D:3      | Reached skill level 1 in Shields
  1804 | D:3      | Reached skill level 1 in Unarmed Combat
  1804 | D:3      | Reached skill level 1 in Evocations
  1804 | D:3      | Reached XP level 4. HP: 24/32 MP: 6/11
  1965 | D:3      | Noticed a bullfrog
  1970 | D:3      | Killed a bullfrog
  1971 | D:3      | Reached skill level 1 in Conjurations
  1971 | D:3      | Reached skill level 1 in Hexes
  1971 | D:3      | Reached skill level 1 in Summonings
  1971 | D:3      | Reached skill level 1 in Necromancy
  1971 | D:3      | Reached skill level 1 in Translocations
  1971 | D:3      | Reached skill level 1 in Fire Magic
  1971 | D:3      | Reached skill level 1 in Ice Magic
  1971 | D:3      | Reached skill level 1 in Air Magic
  1971 | D:3      | Reached skill level 1 in Poison Magic
  1971 | D:3      | Reached skill level 1 in Shapeshifting
  1971 | D:3      | Reached XP level 5. HP: 30/37 MP: 9/12
  2377 | D:3      | Reached XP level 6. HP: 44/44 MP: 13/13
  2725 | D:3      | Reached skill level 5 in Dodging
  3178 | D:4      | Found Nilan's CLEARANCE SALE!.
  3185 | D:4      | Bought a scroll of noise for 1 gold piece
  3603 | D:4      | Noticed Natasha
  3608 | D:4      | Killed Natasha
  3609 | D:4      | Reached XP level 7. HP: 42/50 MP: 12/15
  3876 | D:4      | Noticed Pikel
  3892 | D:4      | Slain by Pikel

Illustrated notes

Levels and vault maps discovered:
D:1:      doesnt_arrival_eight_statues, layout_basic
D:2:      layout_loops_ring, shapermc_ecumenical_altar_mp_highgroup,
          kennysheep_another_room, minmay_misc_feat_five
D:3:      layout_loops_ring, roderic_batcave, chequers_serial_rivers_micro_d,
          grunt_decor_clamped, grunt_decor_one_mirror
D:4:      layout_basic, nicolae_shop_clearance, uniq_pikel, uniq_natasha

Skill      XL: |  1  2  3  4  5  6 |
---------------+-------------------+-----
Transmutations | 2 |  2.8
Spellcasting   | 5 |  5.5
Invocations    | 1 2 |  2.5
Fighting       | 1 2 |  2.3
Short Blades   | 1 2 |  2.3
Long Blades    | 1 2 |  2.3
Axes           | 1 2 |  2.3
Maces & Flails | 1 2 |  2.3
Polearms       | 1 2 |  2.3
Staves         | 1 2 |  2.3
Ranged Weapons | 1 2 |  2.3
Throwing       | 1 2 |  2.3
Armour         | 1 2 |  2.3
Shields        | 1 2 |  2.3
Unarmed Combat | 1 2 |  2.3
Evocations     | 1 2 |  2.3
Conjurations   | 1 |  1.8
Hexes          | 1 |  1.8
Summonings     | 1 |  1.8
Necromancy     | 1 |  1.8
Translocations | 1 |  1.8
Fire Magic     | 1 |  1.8
Ice Magic      | 1 |  1.8
Air Magic      | 1 |  1.8
Poison Magic   | 1 |  1.8
Shapeshifting  | 1 |  1.8
Dodging        | 5 |  5.1
Stealth        | |  4.8
Earth Magic    | |  5.8

Action                     |  1- 3 |  4- 6 |  7- 9 || total
---------------------------+-------+-------+-------++-------
  Melee: Unarmed           |     5 |       |       ||     5
         Bite              |     3 |     4 |       ||     7
         Short sword       |     2 |       |       ||     2
         Long sword        |       |    47 |       ||    47
         Punch             |       |     2 |       ||     2
         Quarterstaff      |       |    10 |     6 ||    16
   Cast: Sandblast         |    41 |    63 |    14 ||   118
         Searing Ray       |       |     1 |       ||     1
    Use: Scroll            |     3 |       |     1 ||     4
         Potion            |       |       |     1 ||     1
   Stab: Sleeping          |       |     1 |     1 ||     2
 Armour: Robe              |     4 |     1 |       ||     5
         Leather armour    |       |    25 |     3 ||    28
  Dodge: Dodged            |    10 |    74 |    15 ||    99

Table legend: (Time is in decaauts)
 A = Elapsed time spent in this place.
 B = Non-inter-level travel time spent in this place.
 C = Inter-level travel time spent in this place.
 D = Time resting spent in this place.
 E = Time spent auto-exploring this place.
 F = Levels seen in this place.
 G = Mean time per level.
                   A        B        C        D        E       F      G
               +--------+--------+--------+--------+--------+-----+--------+
         Total |   3965 |   3851 |    114 |    498 |   2610 |   4 |  991.2 |
       Dungeon |   3965 |   3851 |    114 |    498 |   2610 |   4 |  991.2 |
               +--------+--------+--------+--------+--------+-----+--------+

Top non-repeatable levels by time:
     D:3: 1184 daAuts
     D:4: 985 daAuts
     D:1: 933 daAuts
     D:2: 861 daAuts
